Map: Lerilak Crest

Players

ITLCI

  • Race: Protoss Protoss
  • League: Silver

Burt - Winner!

  • Race: Terran Terran
  • League: Platinum

VOD

Have the link to the VOD?

Description

Time

  • Played on: Nov. 29, 2015, 8:41 p.m.
  • Length: 13:22
Show
View Real Time Build Order
Export as new Build Order

ITLCI Protoss 

Build Orders:  

Get SALT Encoding   

  12  0:01  Probe (Chrono Boost)  
  13  0:11  Probe (Chrono Boost)  
  14  0:20  Pylon  
  14  0:23  Probe (Chrono Boost)  
  15  0:39  Probe (Chrono Boost)  
  15  0:42  Gateway  
  16  0:45  Assimilator  
  16  0:52  Probe (Chrono Boost)  
  17  1:03  Probe (Chrono Boost)  
  18  1:13  Assimilator  
  18  1:17  Pylon  
  18  1:19  Probe (Chrono Boost)  
  19  1:30  Cybernetics Core  
  19  1:43  Probe (Chrono Boost)  
  21  1:54  Probe (Chrono Boost)  
  21  1:58  Nexus  
  22  2:08  Mothership Core (Chrono Boost)  
  22  2:10  Warp Gate  
  22  2:27  Probe (Chrono Boost)  
  23  2:37  Probe (Chrono Boost)  
  24  2:48  Probe (Chrono Boost)  
  25  2:53  Robotics Facility  
  25  2:56  Pylon  
  26  2:58  Probe (Chrono Boost)  
  26  3:01  Adept  
  28  3:09  Probe (Chrono Boost)  
  28  3:10  Probe (Chrono Boost)  
  28  3:11  Pylon  
  30  3:19  Probe (Chrono Boost)  
  31  3:23  Pylon  
  31  3:36  Gateway  
  31  3:39  Gateway  
  31  3:47  Warp Prism  
  33  3:50  Probe (Chrono Boost)  
  33  3:53  Probe (Chrono Boost)  
  35  4:01  Probe (Chrono Boost)  
  36  4:03  Probe (Chrono Boost)  
  37  4:15  Probe x2 (Chrono Boost)  
  39  4:25  Probe x2 (Chrono Boost)  
  39  4:26  Twilight Council  
  39  4:45  Stalker  
  39  4:46  Stalker x2  
  39  4:49  Probe x2 (Chrono Boost)  
  47  4:59  Probe (Chrono Boost)  
  49  5:00  Probe (Chrono Boost), Assimilator  
  49  5:03  Gateway  
  49  5:06  Gateway  
  49  5:08  Pylon, Assimilator  
  49  5:10  Probe x2 (Chrono Boost)  
  51  5:23  Blink (Chrono Boost)  
  51  5:24  Gateway  
  51  5:38  Stalker x3  
  55  6:10  Probe  
  55  6:12  Probe  
  55  6:15  Immortal (Chrono Boost)  
  59  6:29  Probe  
  59  6:30  Probe  
  61  6:42  Probe, Pylon  
  61  6:44  Pylon  
  60  6:47  Stalker x4  
  60  6:48  Stalker x2  
  60  6:50  Immortal (Chrono Boost)  
  60  6:53  Gateway  
  76  6:55  Gateway  
  76  6:57  Robotics Bay  
  76  6:59  Gateway  
  76  7:13  Pylon  
  68  7:16  Forge  
  68  7:18  Stalker x2  
  68  7:20  Stalker x3  
  78  7:28  Observer (Chrono Boost)  
  79  7:36  Pylon  
  79  7:43  Stalker  
  79  7:44  Stalker  
  77  7:58  Stalker  
  67  8:05  Stalker  
  67  8:06  Zealot x2  
  67  8:07  Zealot x2  
  77  8:14  Pylon  
  77  8:21  Zealot x2  
  77  8:22  Stalker x2  
  85  8:36  Zealot x2  
  85  8:37  Zealot x3  
  71  9:03  Stalker  
  71  9:04  Stalker x3  
  73  9:26  Protoss Ground Weapons Level 1 (Chrono Boost)  
  73  9:28  Nexus  
  73  9:32  Assimilator  
  73  9:36  Assimilator  
  73  9:37  Warp Prism  
  75  9:39  Pylon  
  75  9:40  Zealot x4  
  75  9:41  Zealot  
  75  9:43  Pylon  
  85  9:45  Pylon  
  85  9:48  Gateway  
  85  9:52  Charge (Chrono Boost)  
  85  10:03  Pylon  
  85  10:04  Probe  
  85  10:06  Probe  
  87  10:15  Probe  
  87  10:18  Probe, Photon Cannon  
  89  10:25  Probe  
  90  10:30  Probe  
  91  10:36  Probe  
  91  10:42  Probe x2  
  93  10:45  Templar Archives  
  93  10:46  Probe  
  93  10:47  Photon Cannon  
  93  10:49  Photon Cannon  
  95  10:52  Stalker  
  95  10:53  Photon Cannon  
  95  10:54  Probe  
  98  11:02  Disruptor  
  101  11:06  Zealot x3  
  107  11:27  Zealot x2  
  107  11:29  Zealot  
  107  11:30  Zealot  
  113  11:40  Disruptor  
  113  11:42  Zealot x4  
  115  12:00  Stalker x2, Zealot x2  
  115  12:01  Stalker  
  76  12:08  Stalker  
  76  12:09  Stalker  
  76  12:10  Zealot  
  66  12:24  Stalker, Zealot x2  
  70  12:34  Stalker  
  70  12:36  Stalker x2  
  75  12:44  Stalker  
  75  12:47  High Templar  
  75  12:50  High Templar  
  75  12:59  Archon  
  74  13:12  Stalker x2  
  71  13:13  Zealot  
Show
View Real Time Build Order
Export as new Build Order

Burt Terran - Winner!

Build Orders: Reaper Expand, Bio Tank, MMM Bio 

Get SALT Encoding   

  12  0:01  SCV  
  13  0:13  SCV  
  14  0:19  Supply Depot  
  14  0:25  SCV  
  15  0:40  SCV  
  15  0:41  Barracks  
  16  0:46  Refinery  
  16  0:52  SCV  
  17  1:04  SCV  
  18  1:16  SCV  
  19  1:29  Orbital Command  
  19  1:30  Reaper  
  20  1:43  Command Center  
  20  1:56  SCV  
  20  2:00  Supply Depot  
  21  2:07  Barracks Reactor  
  21  2:08  SCV  
  22  2:18  Refinery  
  22  2:20  SCV  
  23  2:24  Factory  
  23  2:32  SCV  
  24  2:46  Marine x2  
  25  2:55  SCV  
  25  2:57  Orbital Command  
  26  3:04  Barracks  
  26  3:06  Barracks  
  26  3:07  SCV  
  27  3:14  Starport  
  27  3:19  Factory Tech Lab, Barracks Tech Lab  
  28  3:20  SCV  
  28  3:25  SCV  
  29  3:28  Bunker  
  29  3:32  SCV  
  30  3:37  SCV  
  31  3:44  SCV  
  31  3:48  Cyclone  
  35  3:55  SCV  
  36  3:56  SCV  
  36  3:57  Refinery  
  36  3:59  Barracks Reactor  
  37  4:05  Marine x2  
  37  4:07  SCV  
  37  4:08  SCV  
  40  4:19  SCV  
  40  4:20  SCV  
  40  4:23  Marine x2  
  43  4:24  Siege Tank  
  46  4:48  Supply Depot  
  46  4:53  Command Center, Stimpack  
  46  4:55  Barracks Reactor  
  46  5:05  Refinery  
  46  5:07  Supply Depot  
  46  5:09  SCV x2, Medivac  
  50  5:16  Engineering Bay  
  50  5:21  SCV x2, Marine x2  
  50  5:28  Supply Depot, Siege Tank, Marine  
  54  5:33  SCV x2  
  49  5:58  Marine x4  
  49  5:59  Marine  
  49  6:00  Medivac x2  
  51  6:15  SCV  
  51  6:16  SCV  
  51  6:18  Marine x5  
  53  6:19  Siege Tank  
  58  6:28  SCV x2  
  58  6:40  SCV x2  
  58  6:44  Liberator  
  58  6:47  Supply Depot  
  58  6:50  Marine x3  
  58  6:51  Marine x2  
  58  6:52  SCV x2  
  65  7:04  SCV x2  
  65  7:08  Marine  
  70  7:16  SCV x2  
  70  7:17  Marine x4  
  76  7:26  Marine  
  76  7:28  SCV x2  
  79  7:38  Missile Turret, Marine  
  79  7:40  SCV x2  
  75  7:52  SCV x2  
  69  8:01  Marine  
  69  8:02  Liberator x2, Marine x4  
  69  8:03  Siege Tank  
  69  8:05  SCV x2  
  80  8:10  Combat Shields  
  80  8:17  SCV x2  
  80  8:19  Marine x2  
  81  8:20  Marine x3  
  92  8:28  Missile Turret  
  92  8:29  SCV x2  
  94  8:37  Marine x2  
  94  8:38  Marauder  
  98  8:41  SCV x2  
  99  8:53  SCV  
  87  9:00  Liberator x2  
  71  9:15  Marine x5  
  76  9:20  Siege Tank  
  76  9:21  SCV x2  
  88  9:26  Orbital Command  
  87  9:33  SCV x2, Marine  
  87  9:37  Marine  
  87  9:38  Marine x3  
  94  9:46  Barracks  
  94  9:48  Terran Infantry Weapons Level 1  
  94  9:50  Marine  
  94  9:52  Refinery, Missile Turret  
  95  9:53  SCV x3, Refinery, Missile Turret  
  95  9:55  Missile Turret x2, Marine x2  
  100  10:02  Marine  
  101  10:08  Supply Depot  
  101  10:12  Supply Depot  
  101  10:24  Supply Depot  
  101  10:29  Marine x4  
  101  10:30  Medivac x2  
  101  10:33  Marine  
  101  10:34  SCV x2, Siege Tank  
  115  10:35  Supply Depot  
  115  10:36  SCV  
  115  10:38  Barracks Tech Lab  
  115  10:41  Barracks  
  115  10:42  Supply Depot  
  116  10:46  SCV x2  
  116  10:47  Engineering Bay, Marine x2  
  120  10:51  Marine  
  120  10:54  Marine x2  
  120  10:55  Missile Turret  
  123  10:57  Liberator  
  123  11:05  Marine  
  124  11:11  Marine x2  
  124  11:12  Siege Tank, Marine x2  
  134  11:23  Medivac, Marine  
  137  11:27  Marauder  
  137  11:28  Marine  
  137  11:29  Marine  
  141  11:37  Marine  
  134  11:53  Medivac  
  127  11:58  Marine x4  
  127  11:59  Marine x2  
  119  12:05  Marine  
  113  12:16  Marine x5  
  113  12:17  Marine  
  113  12:23  Marine  
  114  12:34  Marine x6  
  120  12:41  Marine  
  121  12:49  SCV x2  
  121  12:50  SCV  
  124  12:51  Marine  
  124  12:52  Marine  
Tags
 
Add a new tag
Caveats
  • Supply blocks, unpowered buildings, or Contaminate may cause inaccurate times.
  • Supply counts are checked every 10 seconds.